 Dungeon Crawl Stone Soup version 0.19.5 (webtiles) character file.

16669 Inarius the Cleaver (level 12, -6/159 HPs)
             Began as a Minotaur Fighter on Apr 7, 2017.
             Was a High Priest of Makhleb.
             Mangled by MirrMurr's ghost (33 damage)
             ... on level 12 of the Dungeon on Apr 8, 2017.
             The game lasted 01:30:18 (11606 turns).

Inarius the Cleaver (Minotaur Fighter)             Turns: 11606, Time: 01:30:19

Health: -6/159     AC: 20    Str: 27    XL:     12   Next: 12%
Magic:  11/11      EV: 10    Int:  5    God:    Makhleb [*****.]
Gold:   207        SH: 13    Dex: 14    Spells: 0 memorised, 11 levels left

rFire  . . .     SeeInvis .     a - +0 war axe
rCold  . . .     Gourm    .     J - +0 chain mail
rNeg   + . .     Faith    .     M - +0 shield
rPois  +         Spirit   .     (helmet restricted)
rElec  .         Reflect  .     P - +2 cloak {rPois}
rCorr  .         Harm     .     W - +2 pair of gloves
MR     .....                    p - +0 pair of boots
Stlth  ..........               (no amulet)
                                R - ring of poison resistance
                                I - ring of positive energy

@: berserking, very slightly contaminated, hasted, very quick
A: retaliatory headbutt, horns 2
a: Minor Destruction, Lesser Servant of Makhleb, Major Destruction, Greater
Servant of Makhleb, Renounce Religion


You were on level 12 of the Dungeon.
You worshipped Makhleb.
Makhleb was extremely pleased with you.
You were hungry.

You visited 1 branch of the dungeon, and saw 12 of its levels.

You collected 561 gold pieces.
You spent 354 gold pieces at shops.

Inventory:

Hand Weapons
 a - a +0 war axe (weapon)
Missiles
 x - 16 poisoned needles
 T - 14 curare-tipped needles
Armour
 p - a +0 pair of boots (worn)
 v - a +1 ring mail of cold resistance
 J - a +0 chain mail (worn)
 M - a +0 shield (worn)
 P - a +2 cloak of poison resistance (worn)
 W - a +2 pair of gloves (worn)
Jewellery
 I - a ring of positive energy (left hand)
 K - an uncursed ring of magical power
 R - a ring of poison resistance (right hand)
 S - an uncursed amulet of guardian spirit
Wands
 c - a wand of digging (11/24)
 i - a wand of paralysis (4/24)
 l - a wand of slowing (11/48)
 G - a wand of polymorph (5/24)
 N - a wand of lightning (9/15)
 U - a wand of teleportation (6/9)
Scrolls
 b - a scroll of enchant armour {unknown}
 e - 3 scrolls of amnesia {unknown}
 g - 2 scrolls of fear {unknown}
 h - 6 scrolls of random uselessness
 k - 13 scrolls of remove curse
 m - 5 scrolls of identify
 o - 2 scrolls of fog {unknown}
 r - a scroll of brand weapon {unknown}
 t - 2 scrolls of noise
 u - a scroll of recharging {unknown}
 y - a scroll of magic mapping {unknown}
 z - 3 scrolls of enchant weapon {unknown}
 C - 4 scrolls of immolation {unknown}
 E - 6 scrolls of teleportation
Potions
 d - a potion of curing
 j - 2 potions of brilliance
 n - 3 potions of agility {unknown}
 q - a potion of invisibility
 s - 3 potions of mutation {unknown}
 A - 4 potions of flight
 D - a potion of haste
 H - 3 potions of cancellation
 Q - a potion of resistance {unknown}
 V - 3 potions of lignification {unknown}
 X - 2 potions of cure mutation
Comestibles
 f - 8 bread rations
 w - a fruit
 B - 3 meat rations
 F - 3 chunks of flesh
 Z - a beef jerky


   Skills:
 + Level 9.6 Fighting
 + Level 14.0 Axes
 + Level 5.6 Throwing
 + Level 10.7 Armour
 + Level 4.8 Dodging
 - Level 0.6 Stealth
 + Level 10.8 Shields
 + Level 0.8 Invocations


You had 11 spell levels left.
You didn't know any spells.

Dungeon Overview and Level Annotations

Branches:
Dungeon (12/15)            Temple (0/1) D:4            Lair (0/6) D:10
    Orc: D:9-12

Altars:
Ashenzari
Cheibriados
Hepliaklqana
Makhleb
Okawaru
Ru
Sif Muna
Trog
Uskayaw
Vehumet
Yredelemnul
Zin
The Shining One

Shops:
D:7 ?   D:12 %*

Annotations:
D:2 Sigmund
D:12 MirrMurr's ghost, journeyman TrAM


Innate Abilities, Weirdness & Mutations

You reflexively headbutt those who attack you in melee.
You have a pair of horns on your head.


Message History

You closely miss MirrMurr's ghost.
MirrMurr's ghost is lightly damaged.
MirrMurr's ghost hits you!!!
You feel yourself speed up. MirrMurr's ghost hits you!!
You are very lightly contaminated with residual magic.
A red film seems to cover your vision as you go berserk!
You feel yourself moving faster!
You feel mighty!
You barely miss MirrMurr's ghost.
MirrMurr's ghost is lightly damaged.
MirrMurr's ghost hits you but does no damage.
You slice MirrMurr's ghost!!
MirrMurr's ghost is moderately damaged.
You slice MirrMurr's ghost!! Your headbutt misses MirrMurr's ghost.
MirrMurr's ghost is heavily damaged.
MirrMurr's ghost hits you!!
* * * LOW HITPOINT WARNING * * *
You hit MirrMurr's ghost.
MirrMurr's ghost is heavily damaged.
MirrMurr's ghost hits you!!
You die...

#.#.....# #.............#
#.#.....#######.#####.....#.#
........'.................#.#
#.#.....######.######...#.#.#
#.#.....##.....[..........#.#
#.......##.####.#####.##'##.#
##########.#..........#...#.#
#.#.#..W####.#.∩.#.#
#.#....@...#.#.%.#.#
#.###.#.##.#.##'##.# ...#
#..........#.#..##.# ...#
#########.####)#.###.# ...#
#.......#.# #.#.###.# ...#
#.#####.#.# #.#.....# ...#
#.# #.#.# #.########## ...#
###'#####.#.# #..........#
...###......##.#.#
#########.##


You could see MirrMurr's ghost.

Vanquished Creatures
  A queen ant (D:10)
  3 hill giants
  A deep elf mage (D:12)
  An ugly thing (D:12)
  A cyclops (D:11)
  A manticore (D:11)
  2 gargoyles
  3 centaur skeletons
  2 trolls
  Grinder (D:6)
  A spriggan (D:12)
  10 yaks (D:11)
  A wyvern (D:11)
  3 vampire mosquitoes (D:12)
  Grum (D:8)
  A hungry ghost (D:11)
  A steam dragon (D:10)
  A mottled dragon (D:11)
  2 wargs (D:10)
  20 soldier ants (D:10)
  2 water moccasins
  2 orc warriors
  A black bear (D:7)
  An ice beast (D:11)
  2 sky beasts
  An eye of draining (D:8)
  10 centaurs
  6 ogres
  3 wolves (D:8)
  2 big kobolds
  8 bullfrogs
  A wyvern zombie (D:11)
  3 scorpions
  A water moccasin skeleton (D:6)
  12 killer bees
  3 howler monkeys
  8 crimson imps
  A quasit (D:5)
  A centaur zombie (D:8)
  Crazy Yiuf (D:6)
  4 orc priests
  7 hounds
  4 jellies
  A bullfrog skeleton (D:10)
  10 orc wizards
  4 iguanas
  26 worker ants
  2 killer bee zombies
  A hound skeleton (D:6)
  A howler monkey zombie (D:5)
  A worker ant zombie (D:10)
  5 gnolls
  9 adders
  2 shadow imps
  2 oozes
  An adder zombie (D:7)
  An adder skeleton (D:5)
  3 worms
  3 dart slugs
  3 leopard geckos
  26 orcs
  A ball python (D:3)
  5 giant cockroaches
  4 hobgoblins
  9 jackals
  3 quokkas
  3 bats (D:2)
  8 frilled lizards
  5 goblins
  11 kobolds
  A leopard gecko skeleton (D:8)
  12 rats
  A spectral orc (D:6)
305 creatures vanquished.

Vanquished Creatures (collateral kills)
  A yak (D:11)
  A hungry ghost (D:11)
  An orc warrior (D:10)
  A bullfrog (D:11)
  2 killer bees (D:11)
  2 orc wizards (D:10)
  A leopard gecko (D:11)
9 creatures vanquished.

Vanquished Creatures (others)
  A bullfrog skeleton (D:5)
  An adder skeleton (D:5)
  A kobold (D:12)
  A fungus (D:6)
4 creatures vanquished.

Grand Total: 318 creatures vanquished

Notes
Turn   | Place    | Note
-------+----------+-------------------------------------------
     0 | D:1      | Inarius the Minotaur Fighter began the quest for the Orb.
     0 | D:1      | Reached XP level 1. HP: 19/19 MP: 0/0
    29 | D:1      | Reached XP level 2. HP: 19/27 MP: 1/1
   536 | D:1      | Reached XP level 3. HP: 33/33 MP: 2/2
  1257 | D:2      | Reached skill level 3 in Axes
  1260 | D:2      | Noticed Sigmund
  1807 | D:2      | Reached XP level 4. HP: 33/40 MP: 3/3
  1908 | D:2      | Found a hide-covered altar of Uskayaw.
  1999 | D:3      | Found a sacrificial altar of Ru.
  2567 | D:3      | Found a burning altar of Makhleb.
  2573 | D:3      | Became a worshipper of Makhleb the Destroyer
  2586 | D:3      | You fall through a shaft for 3 floors!
  2609 | D:5      | Entered Level 5 of the Dungeon
  2627 | D:5      | Reached skill level 4 in Axes
  2627 | D:5      | Reached skill level 5 in Armour
  2627 | D:5      | Reached XP level 5. HP: 16/47 MP: 4/4
  2650 | D:5      | HP: 2/47 [poisoned by a scorpion]
  3028 | D:4      | Reached XP level 6. HP: 31/53 MP: 5/5
  3257 | D:3      | Found a snail-covered altar of Cheibriados.
  3344 | D:4      | Reached skill level 5 in Axes
  3407 | D:4      | Found a staircase to the Ecumenical Temple.
  3633 | D:4      | Reached skill level 5 in Shields
  3730 | D:4      | Found a glowing golden altar of the Shining One.
  3878 | D:5      | Found a radiant altar of Vehumet.
  4149 | D:5      | Found a glowing silver altar of Zin.
  4184 | D:5      | Found a radiant altar of Vehumet.
  4230 | D:5      | Found a hazy altar of Hepliaklqana.
  4642 | D:6      | Reached skill level 1 in Dodging
  4642 | D:6      | Reached XP level 7. HP: 52/60 MP: 6/6
  4754 | D:6      | Reached skill level 6 in Axes
  4940 | D:6      | Reached skill level 1 in Throwing
  4973 | D:6      | Reached * piety under Makhleb
  5098 | D:6      | Gained mutation: Your spells are a little harder to cast, but a little more powerful. [mutagenic meat]
  5099 | D:6      | Lost mutation: Your spells are a little harder to cast, but a little more powerful. [mutagenic meat]
  5100 | D:6      | Gained mutation: You are frail. (-10% HP) [mutagenic meat]
  5101 | D:6      | Gained mutation: You are partially covered in slimy green scales. (AC +2) [mutagenic meat]
  5102 | D:6      | Gained mutation: Your flesh is cold resistant. (rC+) [mutagenic meat]
  5196 | D:6      | Reached skill level 5 in Fighting
  5198 | D:6      | Reached XP level 8. HP: 36/61 MP: 7/7
  5313 | D:6      | Found a runed door.
  5317 | D:6      | Noticed Crazy Yiuf
  5322 | D:6      | Killed Crazy Yiuf
  5375 | D:6      | Found a basalt altar of Yredelemnul.
  5479 | D:6      | Reached skill level 7 in Axes
  5493 | D:6      | Noticed Grinder
  5501 | D:6      | Killed Grinder
  5849 | D:7      | Reached skill level 8 in Axes
  5856 | D:7      | Found a deep blue altar of Sif Muna.
  5951 | D:7      | Got a heavily runed helmet
  6096 | D:7      | Reached ** piety under Makhleb
  6209 | D:7      | Found Gustraw's Magic Scroll Shop.
  6218 | D:7      | Bought a scroll of random uselessness for 13 gold pieces
  6218 | D:7      | Bought a scroll of remove curse for 39 gold pieces
  6218 | D:7      | Bought a scroll of identify for 26 gold pieces
  6218 | D:7      | Bought a scroll of identify for 26 gold pieces
  6221 | D:7      | Lost mutation: You are frail. (-10% HP) [potion of cure mutation]
  6221 | D:7      | Lost mutation: You are partially covered in slimy green scales. (AC +2) [potion of cure mutation]
  6221 | D:7      | Lost mutation: Your flesh is cold resistant. (rC+) [potion of cure mutation]
  6399 | D:8      | Reached XP level 9. HP: 78/78 MP: 6/8
  6423 | D:8      | Noticed Grum
  6460 | D:8      | Reached skill level 9 in Axes
  6478 | D:8      | Killed Grum
  6750 | D:8      | Identified the +0 helmet "Usickam" {rPois} (You found it on level 7 of the Dungeon)
  6798 | D:8      | Reached skill level 10 in Axes
  6825 | D:8      | Found an iron altar of Okawaru.
  7342 | D:9      | Noticed a moth of wrath
  7345 | D:9      | Found a bloodstained altar of Trog.
  7349 | D:9      | Reached *** piety under Makhleb
  7470 | D:9      | Noticed a troll
  7481 | D:9      | Killed a troll
  7481 | D:9      | Reached XP level 10. HP: 77/86 MP: 9/9
  7752 | D:9      | Found an iron altar of Okawaru.
  7975 | D:9      | Found a faded altar of an unknown god.
  7975 | D:9      | Found a shattered altar of Ashenzari.
  7981 | D:9      | Found a faded altar of an unknown god.
  7983 | D:9      | Found a faded altar of an unknown god.
  7991 | D:9      | Found a faded altar of an unknown god.
  8063 | D:10     | Entered Level 10 of the Dungeon
  8119 | D:10     | Reached skill level 11 in Axes
  8563 | D:10     | Found a staircase to the Lair.
  8641 | D:10     | Reached skill level 5 in Throwing
  8702 | D:10     | Noticed a smoke demon
  9072 | D:10     | Noticed a hill giant
  9097 | D:10     | Killed a hill giant
  9097 | D:10     | Reached **** piety under Makhleb
  9169 | D:10     | Noticed a queen ant
  9201 | D:10     | Killed a queen ant
  9201 | D:10     | Reached skill level 12 in Axes
  9201 | D:10     | Reached XP level 11. HP: 75/95 MP: 10/10
  9676 | D:11     | Noticed a hill giant
  9689 | D:11     | Killed a hill giant
  9826 | D:11     | Reached ***** piety under Makhleb
  9919 | D:11     | Reached skill level 10 in Armour
  9931 | D:11     | Reached skill level 13 in Axes
 10062 | D:11     | Found a labyrinth entrance.
 10089 | D:11     | Reached skill level 10 in Shields
 10192 | D:11     | Noticed a hill giant
 10211 | D:11     | Killed a hill giant
 10853 | D:12     | Noticed a deep elf mage
 10866 | D:12     | Killed a deep elf mage
 10953 | D:12     | Reached XP level 12. HP: 92/105 MP: 11/11
 11144 | D:12     | Found Gutuam's Food Shoppe.
 11149 | D:12     | Bought a meat ration for 50 gold pieces
 11149 | D:12     | Bought a fruit for 15 gold pieces
 11149 | D:12     | Bought a royal jelly for 20 gold pieces
 11149 | D:12     | Bought a beef jerky for 15 gold pieces
 11424 | D:12     | Found Laosotz's Serpentskin Sales.
 11434 | D:12     | Bought 7 curare-tipped needles for 54 gold pieces
 11434 | D:12     | Bought 5 poisoned tomahawks for 65 gold pieces
 11434 | D:12     | Bought 4 curare-tipped needles for 31 gold pieces
 11545 | D:12     | Reached skill level 14 in Axes
 11551 | D:12     | Noticed MirrMurr's ghost (journeyman TrAM)
 11606 | D:12     | Mangled by MirrMurr's ghost

Skill      XL: |  1  2  3  4  5  6  7  8  9 10 11 12 |
---------------+-------------------------------------+-----
Armour         | 4 5 6 7 8 9 10 | 10.7
Fighting       | 4 5 6 7 8 9 |  9.6
Axes           | 3 4 5 6 8 10 12 13 14 | 14.0
Shields        | 4 5 6 7 9 10 | 10.8
Dodging        | 1 2 3 4 |  4.8
Throwing       | 1 2 3 5 |  5.6
Stealth        | |  0.6
Invocations    | |  0.8

Action                   |  1- 3 |  4- 6 |  7- 9 | 10-12 || total
-------------------------+-------+-------+-------+-------++-------
Melee: War axe           |    71 |   107 |   358 |   652 ||  1188
       Headbutt          |     9 |    16 |    77 |   146 ||   248
Throw: Tomahawk          |       |     8 |    22 |       ||    30
       Javelin           |       |       |    44 |    47 ||    91
Invok: Lesser Servant of |       |       |       |     3 ||     3
  Use: Potion            |       |     4 |    10 |     3 ||    17
       Scroll            |       |       |     2 |     3 ||     5
  Eat: Chunk             |     3 |     3 |    13 |    10 ||    29
       Meat ration       |       |     1 |       |     1 ||     2
       Fruit             |       |       |     3 |       ||     3
       Royal jelly       |       |       |       |     1 ||     1
Armor: Scale mail        |    27 |    36 |       |       ||    63
       Chain mail        |       |    13 |   169 |   197 ||   379
       Ring mail         |       |       |     3 |       ||     3
Dodge: Dodged            |    27 |    28 |    89 |   129 ||   273
Block: Shield            |    27 |    50 |   189 |   278 ||   544
